 Dungeon Crawl Stone Soup version 0.32-a0-616-g9348d4545b (webtiles) character file.

Game seed: 5218417875945092500

9123 Fodor the Cleaver (level 11, -4/97 HPs)
             Began as a Minotaur Fighter on Mar 5, 2024.
             Was an Initiate of Gozag.
             Killed from afar by an oklob plant (26 damage)
             ... with a splash of acid
             ... on level 9 of the Dungeon.
             The game lasted 00:32:19 (8981 turns).

Fodor the Cleaver (Minotaur Fighter)                Turns: 8981, Time: 00:32:20

Health: -4/97      AC: 22    Str: 26    XL:     11   Next: 18%
Magic:  10/10      EV: 12    Int:  5    God:    Gozag
Gold:   764        SH:  0    Dex: 15    Spells: 10/10 levels left

rFire   x x .        a - +0 battleaxe (elec)
rCold   x x .        (shield currently unavailable)
rNeg    + . .        b - +0 pearl dragon scales
rPois   +            L - +0 hat
rElec   .            C - +1 cloak {rPois}
rCorr   .            I - +0 pair of gloves
SInv    .            (no boots)
Will    .....        M - amulet of Elemental Vulnerability {rPois rF-- rC-- AC+8} Stlth
                     F - +4 ring of protection
HPRegen 0.36/turn    y - +6 ring of dexterity
MPRegen 0.12/turn

%: no passive effects
@: corroded
A: horns 2, retaliatory headbutt
a: Renounce Religion, Potion Petition, Call Merchant, Bribe Branch


You were on level 9 of the Dungeon.
You worshipped Gozag.
Gozag was pleased with you.
You visited 2 branches of the dungeon, and saw 10 of its levels.

You collected 973 gold pieces.
You paid 209 gold pieces to Gozag.

Inventory:

Hand Weapons
 a - a +0 battleaxe of electrocution (weapon)
 q - a +0 orcbow of freezing
Missiles
 p - 5 boomerangs (quivered)
Armour
 b - +0 pearl dragon scales (worn)
 C - a +1 cloak of poison resistance (worn)
 I - a +0 pair of gloves (worn)
 L - a +0 hat (worn)
Jewellery
 e - an amulet of reflection
 y - a +6 ring of dexterity (right hand)
 F - a +4 ring of protection (left hand)
 K - a ring of poison resistance
 M - the amulet of Elemental Vulnerability (around neck) {rPois rF-- rC-- AC+8}
   (You found it on level 9 of the Dungeon)

   [amulet of nothing]

   AC+8:      It affects your AC (+8).
   rF--:      It makes you very vulnerable to fire.
   rC--:      It makes you very vulnerable to cold.
   rPois:     It protects you from poison.
Talismans
 w - a serpent talisman
Wands
 x - a wand of paralysis (10)
 A - a wand of polymorph (12)
 G - a wand of digging (4)
 N - a wand of acid (3)
Scrolls
 g - 3 scrolls of revelation
 i - 4 scrolls of immolation
 j - a scroll of identify
 l - 2 scrolls of noise
 m - 3 scrolls of teleportation
 r - a scroll of poison {unknown}
 u - 2 scrolls of silence {unknown}
 v - a scroll of butterflies {unknown}
 z - 4 scrolls of enchant armour {unknown}
 B - a scroll of blinking {unknown}
 D - a scroll of enchant weapon {unknown}
 H - a scroll of fear {unknown}
 J - a scroll of torment {unknown}
Potions
 c - a potion of magic {unknown}
 d - 5 potions of might
 f - 2 potions of heal wounds {unknown}
 h - a potion of berserk rage {unknown}
 k - 2 potions of lignification {unknown}
 n - a potion of haste {unknown}
 o - 2 potions of brilliance {unknown}
 s - 5 potions of curing {unknown}
 t - 2 potions of attraction {unknown}
 E - a potion of enlightenment {unknown}


   Skills:
 + Level 9.0 Fighting
 + Level 14.4 Axes
 + Level 2.5 Throwing
 + Level 9.8 Armour
 + Level 4.5 Dodging
 + Level 1.3 Stealth
 + Level 7.1 Shields


You had 10 spell levels left.
You didn't know any spells.
Your spell library contained the following spells:

 Spells                   Type           Power      Damage    Failure   Level
 Kiss of Death            Conj/Necr      0%         2d5       77%         1
 Confusing Touch          Hex            0%         N/A       98%         3
 Dispel Undead            Necr           0%         3d6       100%        4
 Passage of Golubria      Tloc           0%         N/A       100%        4
 Silence                  Hex/Air        0%         N/A       100%        5
 Lehudib's Crystal Spear  Conj/Erth      0%         10d2      100%        8


Dungeon Overview and Level Annotations

Branches:
Dungeon (9/15)             Temple (1/1) D:7            Lair (0/5) D:8
    Orc (0/2) D:9

Altars:
Ashenzari
Cheibriados
Dithmenos
Elyvilon
Fedhas
Gozag
Hepliaklqana
Kikubaaqudgha
Makhleb
Nemelex Xobeh
Okawaru
Qazlal
Ru
Sif Muna
Trog
Uskayaw
Vehumet
Wu Jian
Xom
Yredelemnul
Zin
The Shining One

Shops:
D:1 [((*   D:2 !   D:9 =

Annotations:
D:9 exclusion: oklob plant


Innate Abilities, Weirdness & Mutations

You have a pair of horns on your head.
You reflexively headbutt those who attack you in melee.


Message History

The splash of acid hits you! The acid corrodes you!
You slash the oklob plant!
You headbutt the oklob plant, but do no damage.
The oklob plant is lightly damaged.
You slice the plant!!
The plant begins to die.
You hit the fungus.
The fungus begins to die.
The oklob plant spits acid at you. The splash of acid hits you!!
You hit the oklob plant but do no damage.
Lightning courses through the oklob plant!
You headbutt the oklob plant.
The oklob plant is heavily damaged.
You slash the fungus! Lightning courses through the fungus!
You slice the plant!! The oklob plant spits acid at you.
The splash of acid hits you!
You hit the oklob plant.
The oklob plant is heavily damaged.
You slash the fungus! Lightning courses through the fungus!!
You slash the plant! Lightning courses through the plant!
You hit the oklob plant but do no damage.
The oklob plant is heavily damaged.
You slash the fungus! You slash the plant! Lightning courses through the plant!
A nearby plant withers and dies.
The oklob plant spits acid at you. The splash of acid hits you!
The acid corrodes you!
You completely miss the oklob plant.
The oklob plant is heavily damaged.
You hit the fungus but do no damage. Lightning courses through the fungus!
A nearby fungus withers and dies.
The oklob plant spits acid at you. The splash of acid hits you!
* * * LOW HITPOINT WARNING * * *
The acid corrodes you!
You slash the oklob plant!
The oklob plant is severely damaged.
The oklob plant spits acid at you. The splash of acid hits you!!
You die...
Your body crumbles into a pile of gold.

..............#.PP..~~≈~...~~≈~.#
...####.......#.PP......._.~≈≈~..
#..# #..######P###.~~~~...~~≈~.#
#..# #..# #PP#..~≈≈≈~~~~≈≈~.P
#..# #..# ##P....~≈≈≈~≈≈~~..♣
#..# #..# #♣P.....~~≈P≈~~..P♣
#..# #..# #.P.PP♣..~~~≈~..#P♣
#..# #..# #...PP#P.......P#P♣
#..# #..#


#.@.PPPPPPPP.PPPPP. #..# #..# #.P..PPP#♣PP.PP#PPP #..####..######PP♣.PPP♣ P#
#.............#♣PPP♣.P.♣ ######################## You could see an oklob plant.

Vanquished Creatures
  Erolcha (D:9)
  Erica (D:9)
  The ghost of bronco the Toxicologist, a novice CoGl (D:7)
  Pikel (D:5)
  Maggie (D:8)
  Jeremiah (D:7)
  Psyche (D:9)
  Grinder (D:4)
  Sigmund (D:3)
  3 yaks (D:8)
  2 steam dragons
  3 acid dragons
  4 water moccasins
  Duvessa (D:6)
  3 ice beasts
  4 orc warriors
  4 ogres
  5 black bears
  2 centaurs
  3 lemures (D:5)
  2 phantoms
  4 kobold brigands
  Blork the orc (D:5)
  4 bullfrogs
  A scorpion (D:6)
  17 wights
  Dowan (D:6)
  4 killer bees
  3 orc priests
  5 hounds
  A jelly (D:7)
  2 iguanas
  3 sleepcaps
  Crazy Yiuf (D:5)
  Natasha (thrice) (D:3)
  7 orc wizards
  3 gnolls (D:6)
  5 adders
  2 shadow imps
  2 white imps
  3 dart slugs
  2 ribbon worms
  13 orcs
  6 endoplasms
  4 giant cockroaches
  6 goblins
  4 hobgoblins
  4 jackals (D:2)
  22 kobolds
  4 quokkas
  5 ball pythons
  3 bats (D:1)
  2 frilled lizards
  6 rats
198 creatures vanquished.

Notes
Turn   | Place    | Note
-------+----------+-------------------------------------------
     0 | D:1      | Fodor the Minotaur Fighter began the quest for the Orb.
     0 | D:1      | Reached XP level 1. HP: 19/19 MP: 0/0
   107 | D:1      | Found Suefod's Distillery.
   117 | D:1      | Found Jalacod's Antique Armour Shop.
   119 | D:1      | Found Plog's Assorted Antiques.
   258 | D:1      | Found Nyiki's Weapon Boutique.
   264 | D:1      | Reached XP level 2. HP: 26/27 MP: 1/1
   267 | D:1      | Found Keutilack's Antique Weapon Boutique.
  1073 | D:2      | Reached XP level 3. HP: 33/33 MP: 2/2
  1196 | D:2      | Found Otuifius's Distillery.
  1225 | D:2      | Reached skill level 3 in Axes
  1399 | D:2      | Found a white marble altar of Elyvilon.
  1691 | D:3      | Reached XP level 4. HP: 21/41 MP: 3/3
  1829 | D:3      | Noticed Natasha
  1833 | D:3      | Killed Natasha
  1834 | D:3      | Reached skill level 4 in Axes
  1851 | D:3      | Found a bloodstained altar of Trog.
  2063 | D:3      | Noticed Natasha
  2072 | D:3      | Killed Natasha
  2073 | D:3      | Reached XP level 5. HP: 45/47 MP: 4/4
  2089 | D:3      | Noticed Natasha
  2100 | D:3      | Killed Natasha
  2145 | D:3      | Noticed Sigmund
  2156 | D:3      | Killed Sigmund
  2157 | D:3      | Reached skill level 5 in Axes
  2157 | D:3      | Reached skill level 5 in Armour
  2157 | D:3      | Reached XP level 6. HP: 51/55 MP: 5/5
  2434 | D:4      | Reached skill level 1 in Throwing
  2441 | D:4      | Noticed Grinder
  2468 | D:4      | Paralysed by Grinder for 3 turns
  2478 | D:4      | Killed Grinder
  2479 | D:4      | Reached skill level 5 in Fighting
  2479 | D:4      | Reached skill level 6 in Axes
  2479 | D:4      | Reached skill level 1 in Dodging
  2479 | D:4      | Reached XP level 7. HP: 48/61 MP: 6/6
  2760 | D:4      | Found a broken altar of Ashenzari.
  3392 | D:5      | Entered Level 5 of the Dungeon
  3400 | D:5      | Reached skill level 7 in Axes
  3437 | D:5      | Noticed Blork the orc
  3451 | D:5      | Killed Blork the orc
  3535 | D:5      | Noticed Pikel
  3565 | D:5      | Killed Pikel
  3566 | D:5      | Reached skill level 8 in Axes
  3566 | D:5      | Reached skill level 5 in Shields
  3566 | D:5      | Reached XP level 8. HP: 46/69 MP: 7/7
  3956 | D:5      | Found a runed translucent door.
  3957 | D:5      | Noticed Crazy Yiuf
  3966 | D:5      | Killed Crazy Yiuf
  3967 | D:5      | Reached skill level 9 in Axes
  4568 | D:6      | Reached XP level 9. HP: 75/75 MP: 8/8
  4875 | D:6      | Reached skill level 10 in Axes
  5063 | D:6      | Noticed Duvessa
  5063 | D:6      | Noticed Dowan
  5068 | D:6      | Killed Duvessa
  5075 | D:6      | Killed Dowan
  5476 | D:7      | Reached skill level 1 in Stealth
  5559 | D:7      | Found a hide-covered altar of Uskayaw.
  5593 | D:7      | Found a staircase to the Ecumenical Temple.
  5692 | Temple   | Entered the Ecumenical Temple
  5774 | D:7      | Noticed bronco's ghost (novice CoGl)
  5787 | D:7      | Found a radiant altar of Vehumet.
  5789 | D:7      | Found a runed translucent gate.
  5789 | D:7      | Found a runed translucent gate.
  5791 | D:7      | Found a runed translucent gate.
  5899 | D:7      | Reached skill level 11 in Axes
  5941 | D:7      | Noticed Jeremiah
  5970 | D:7      | Killed Jeremiah
  6549 | D:7      | Reached XP level 10. HP: 80/86 MP: 9/9
  6557 | D:7      | Killed bronco's ghost
  6558 | D:7      | Reached skill level 12 in Axes
  6832 | D:8      | Noticed Maggie
  6840 | D:8      | Killed Maggie
  6965 | D:8      | Reached skill level 13 in Axes
  7025 | D:8      | Found a hazy altar of Hepliaklqana.
  7063 | D:8      | Found an opulent altar of Gozag.
  7067 | D:8      | Became a worshipper of Gozag Ym Sagoz the Greedy
  7072 | D:8      | Found a burning altar of Makhleb.
  7192 | D:8      | Found a glowing golden altar of the Shining One.
  7353 | D:8      | Found an iron altar of Okawaru.
  7401 | D:8      | Found a staircase to the Lair.
  8055 | D:9      | Noticed Psyche
  8064 | D:9      | Noticed Erica
  8069 | D:9      | Killed Psyche
  8078 | D:9      | Killed Erica
  8079 | D:9      | Reached skill level 14 in Axes
  8079 | D:9      | Reached XP level 11. HP: 50/95 MP: 10/10
  8364 | D:9      | Found a staircase to the Orcish Mines.
  8535 | D:9      | Found the amulet of Elemental Vulnerability {rPois rF--
                  | rC-- AC+8}
  8653 | D:9      | Found Xopses's Jewellery Emporium.
  8747 | D:9      | Noticed Erolcha
  8755 | D:9      | Killed Erolcha
  8906 | D:9      | Found a glowing silver altar of Zin.
  8906 | D:9      | Found an ancient bone altar of Kikubaaqudgha.
  8941 | D:9      | Found a blossoming altar of Fedhas.
  8965 | D:9      | Noticed an oklob plant
  8981 | D:9      | Killed from afar by an oklob plant

Illustrated notes

Levels and vault maps discovered:
D:1:      tarquinn_simple_flora_water_a, layout_basic, serial_shops, shop, shop,
          shop, shop, shop
D:2:      layout_rooms, basic_altar, serial_shops,
          nicolae_shop_industrial_runoff
D:3:      layout_basic, mainiacjoe_overflow_six_doors_small, uniq_natasha,
          uniq_sigmund
D:4:      layout_loops_corners, nicolae_ashenzari_skybound, uniq_grinder
D:5:      layout_loops_ring, uniq_pikel, uniq_crazy_yiuf_cottage,
          uniq_blork_the_orc
D:6:      layout_loops_corners, uniq_duvessa
D:7:      layout_basic, nicolae_uskayaw_murder_on_the_dancefloor,
          vehumet_crystals, temple_hall, gammafunk_ghost_split,
          kennysheep_generic_room_3, uniq_jeremiah
D:8:      layout_basic, tso_altar, minitemple, kennysheep_mini_moat,
          due_lair_maze_entry_diamond, uniq_maggie
D:9:      layout_small_grid, tgw_fedhas, gammafunk_temple_overflow_statue,
          orc_0_dummy, serial_shops, nicolae_diamond_shop, uniq_erica,
          uniq_psyche, uniq_erolcha
Temple:   nicolae_temple_ecumenical_triangle

Skill      XL: |  1  2  3  4  5  6  7  8  9 10 11 |
---------------+----------------------------------+-----
Armour         | 4 5 7 8 9 |  9.8
Fighting       | 4 5 6 7 8 9 |  9.0
Shields        | 4 5 6 7 |  7.1
Axes           | 3 4 5 6 8 9 11 14 | 14.4
Throwing       | 1 2 |  2.5
Dodging        | 1 2 3 4 |  4.5
Stealth        | 1 |  1.3

Action                     |  1- 3 |  4- 6 |  7- 9 | 10-12 || total
---------------------------+-------+-------+-------+-------++-------
  Melee: War axe           |    72 |    66 |   154 |       ||   292
         Headbutt          |    10 |    13 |    45 |    28 ||    96
         Battleaxe         |       |       |    83 |   168 ||   251
  Throw: Boomerang         |       |     5 |     4 |     2 ||    11
    Use: Scroll            |       |       |     7 |       ||     7
 Armour: Scale mail        |    30 |       |       |       ||    30
         Pearl dragon scal |    25 |    45 |   185 |   102 ||   357
  Dodge: Dodged            |    25 |    22 |   125 |    65 ||   237
  Block: Buckler           |    16 |     9 |    31 |       ||    56
         Other             |       |       |    12 |    33 ||    45

Table legend: (Time is in decaauts)
 A = Elapsed time spent in this place.
 B = Non-inter-level travel time spent in this place.
 C = Inter-level travel time spent in this place.
 D = Time resting spent in this place.
 E = Time spent auto-exploring this place.
 F = Levels seen in this place.
 G = Mean time per level.
                   A        B        C        D        E       F      G
               +--------+--------+--------+--------+--------+-----+--------+
         Total |   9080 |   8466 |    614 |    662 |   5427 |  10 |  908.0 |
       Dungeon |   9059 |   8445 |    614 |    662 |   5427 |   9 | 1006.6 |
        Temple |     20 |     20 |      0 |      0 |      0 |   1 |   20.0 |
               +--------+--------+--------+--------+--------+-----+--------+

Top non-repeatable levels by time:
     D:7: 1515 daAuts
     D:5: 1184 daAuts
     D:4: 1128 daAuts
     D:1: 1026 daAuts
     D:6: 956 daAuts
     D:9: 933 daAuts
     D:3: 891 daAuts
     D:8: 780 daAuts
     D:2: 643 daAuts
  Temple: 20 daAuts
